 Dungeon Crawl Stone Soup version 0.29-a0-284-gf9362112df (webtiles) character file.

Game seed: 2061589442005133740

119 freelancePsychic the Poker (level 5, -5/42 HPs)
             Began as a Formicid Chaos Knight on Mar 19, 2022.
             Was a Plaything of Xom.
             Succumbed to Robin's poison
             ... on level 2 of the Dungeon.
             The game lasted 00:03:03 (1304 turns).

freelancePsychic the Poker (Formicid Chaos Knight)  Turns: 1304, Time: 00:03:04

Health: -5/42      AC:  6    Str: 16 (18) XL:     5   Next: 23%
Magic:  5/5        EV:  9    Int:  9 (12) God:    Xom [..*...]
Gold:   32         SH:  0    Dex:  7 (10) Spells: 4/4 levels left

rFire   . . .      SeeInvis +   a - +0 spear (chaos)
rCold   . . .      Faith    .   (no shield)
rNeg    . . .      Spirit   .   e - +0 scale mail
rPois   .          Reflect  .   (helmet unavailable)
rElec   .          Harm     .   (no cloak)
rCorr   .          Rampage  .   (no gloves)
Will    .....                   (no boots)
Stlth   ..........              (no amulet)
HPRegen 0.14/turn               (no ring)
MPRegen 0.09/turn               (no ring)

@: lethally poisoned (-5 -> -46)
A: permanent stasis, dig shafts and tunnels, antennae 3, four strong arms
a: Dig, Shaft Self, Renounce Religion


You were on level 2 of the Dungeon.
You worshipped Xom.
You were a toy of Xom.
You visited 1 branch of the dungeon, and saw 2 of its levels.

You collected 52 gold pieces.
You spent 20 gold pieces at shops.

Inventory:

Hand Weapons
 a - a +0 spear of chaos (weapon)
Armour
 e - a +0 scale mail (worn)
Wands
 b - a wand of digging (2)
Scrolls
 d - 3 scrolls of identify {@r1}
Miscellaneous
 c - a piece from Xom's chessboard (15/15) (quivered)


   Skills:
 + Level 4.1 Fighting
 * Level 4.4 Polearms
 + Level 3.2 Armour
 - Level 1.0 Dodging


You had 4 spell levels left.
You didn't know any spells.
Your spell library contained the following spells:

 Spells                   Type           Power      Damage    Failure   Level
 Summon Small Mammal      Summ           0%         N/A       82%         1
 Call Canine Familiar     Summ           0%         N/A       99%         3
 Summon Guardian Golem    Hex/Summ       0%         N/A       99%         3


Dungeon Overview and Level Annotations

Branches:
Dungeon (2/15)

Altars:

Shops:
D:2 ?=?


Innate Abilities, Weirdness & Mutations

You cannot be hasted, slowed, berserked, paralysed or teleported.
You can dig through walls and to a lower floor.
You have a pair of large antennae on your head. (SInv)
Your four strong arms can wield two-handed weapons with a shield.


Message History

Robin is lightly wounded.
You feel sick. Robin misses you. The goblin hits you but does no damage.
You closely miss Robin.
Robin is lightly wounded.
You feel sick. Robin hits you but does no damage.
You are more poisoned.
The goblin hits you with a +0 dagger.
You hit Robin. You drain Robin.
Robin is heavily wounded.
You feel very sick. Robin hits you but does no damage.
You are more poisoned.
The goblin hits you with a +0 dagger.
You closely miss Robin.
Robin is heavily wounded.
You feel very sick. Robin hits you but does no damage.
You are more poisoned.
The goblin closely misses you.
You hit Robin.
Robin is poisoned.
Robin is severely wounded.
* * * LOW HITPOINT WARNING * * *
You feel very sick.
Robin's horned helmet rattles.
Robin hits you but does no damage.
You are more poisoned.
The goblin barely misses you.
You aren't carrying any potions.
You hit Robin but do no damage.
Robin seems to speed up.
Xom is amused.
Robin is severely wounded.
* * * LOW HITPOINT WARNING * * *
You feel very sick.
Robin hits you with a +2 dagger of venom.
* * * LOW HITPOINT WARNING * * *
You are more poisoned.
You hit Robin.
You kill Robin!
You die...
Xom is highly amused!

†)#........##...........
..##......###.........g.
..###.##### #..........#
......# #........##
##....## ######...∩...g.
#....# #....{.#.######
##..#.# #....{#J.#
##.....###.....#)#......
...##..........#@#......
#......##.....(#g#......
..###.....#)####.# .....
### #...(##.# #§# .....
# #.......# #.# .
......#..## #.#
#.####....# #.# ..
#....# #.# ..# ...#.#
#.#


You could see an endoplasm and a goblin (strong).

Vanquished Creatures
  A scorpion (D:2)
  Robin (D:2)
  2 dart slugs
  4 ball pythons (D:1)
  4 bats
  6 endoplasms
  2 giant cockroaches
  7 goblins
  4 hobgoblins
  3 jackals (D:2)
  4 kobolds
  2 frilled lizards
  3 rats
43 creatures vanquished.

Vanquished Creatures (others)
  4 plants (D:1)
4 creatures vanquished.

Grand Total: 47 creatures vanquished

Notes
Turn   | Place    | Note
-------+----------+-------------------------------------------
     0 | D:1      | freelancePsychic the Formicid Chaos Knight began the quest
                  | for the Orb.
     0 | D:1      | Reached XP level 1. HP: 18/18 MP: 1/1
    82 | D:1      | Reached skill level 1 in Dodging
   227 | D:1      | XOM: silly message
   270 | D:1      | Reached XP level 2. HP: 24/24 MP: 2/2
   376 | D:1      | XOM: silly message
   763 | D:1      | Reached XP level 3. HP: 29/29 MP: 3/3
   940 | D:2      | Found Xonynk's Magic Scroll Emporium.
   951 | D:2      | Bought a scroll of identify for 20 gold pieces
  1000 | D:2      | XOM: silly message
  1044 | D:2      | Found Iphapeb's Jewellery Shop.
  1164 | D:2      | Noticed a scorpion
  1175 | D:2      | Killed a scorpion
  1176 | D:2      | Reached XP level 4. HP: 35/37 MP: 4/4
  1176 | D:2      | Reached XP level 5. HP: 40/42 MP: 5/5
  1255 | D:2      | Found Kurokonu's Magic Scroll Shoppe.
  1262 | D:2      | Noticed Robin
  1304 | D:2      | Killed Robin
  1304 | D:2      | Succumbed to Robin's poison

Illustrated notes

Levels and vault maps discovered:
D:1:      nicolae_arrival_somewhat_less_tricky_arrival, layout_loops_ring,
          serial_forest, infiniplex_forest_zigzag_1,
          infiniplex_forest_clump_small, infiniplex_forest_straight_2,
          infiniplex_forest_clump_C, infiniplex_forest_clump_C,
          infiniplex_forest_clump_small, st_stairs_8
D:2:      layout_rooms, serial_shops, shop, shop, shop, shop,
          nicolae_shop_trees, minmay_cupped, uniq_robin

Skill      XL: |  1  2  3 |
---------------+----------+-----
Dodging        | 1 |  1.0
Fighting       | 4 |  4.1
Polearms       | 4 |  4.4
Armour         | 3 |  3.2

Action                   |  1- 3 |  4- 6 || total
-------------------------+-------+-------++-------
Melee: Spear             |    93 |    53 ||   146
Evoke: Piece from Xom's  |     3 |       ||     3
  Use: Scroll            |     3 |     1 ||     4
       Potion            |       |     2 ||     2
Armor: Scale mail        |    24 |    27 ||    51
       Leather armour    |     3 |       ||     3
Dodge: Dodged            |    36 |    23 ||    59

Table legend: (Time is in decaauts)
 A = Elapsed time spent in this place.
 B = Non-inter-level travel time spent in this place.
 C = Inter-level travel time spent in this place.
 D = Time resting spent in this place.
 E = Time spent auto-exploring this place.
 F = Levels seen in this place.
 G = Mean time per level.
                   A        B        C        D        E       F      G
               +--------+--------+--------+--------+--------+-----+--------+
         Total |   1292 |   1274 |     18 |      0 |    995 |   2 |  646.0 |
       Dungeon |   1292 |   1274 |     18 |      0 |    995 |   2 |  646.0 |
               +--------+--------+--------+--------+--------+-----+--------+

Top non-repeatable levels by time:
     D:1: 888 daAuts
     D:2: 403 daAuts
